Cogmind - Beta 17 @@@ ROGUE MODE // 2026.07.17 @ 06:29:53 Player: Back to the Scrapyard Result: Destroyed by G-47 Trooper with Particle Gun Performance ------------- Evolutions (2) 1000 Regions Visited (4) 800 Robots Destroyed (160) 800 Value Destroyed (4338) 4338 Prototype IDs (1) 20 Alien Tech Used (0) 0 Bonus (500) 500 TOTAL SCORE: 7458 Bonus ------- High Alert Combat Kills 500 Cogmind --------- Core Integrity 0/550 Matter 64/300 Energy 90/100 System Corruption 0% Temperature Cool (9) Movement Core (1400) Ox27 Location -8/Storage Parts ------- > --- POWER (1) -------- (None) > --- PROPULSION (4) --- (None) > --- UTILITY (3) ------ Huge Storage Unit > --- WEAPON (3) ------- Hammer > --- INVENTORY (25) --- Light Deuterium Engine Light Treads Light Treads Improved Treads Improved Heat Sink Structural Scanner Sensor Array Signal Interpreter Improved Terrain Scan Processor Hardened Medium Armor Plating Hacking Suite Hacking Suite Hacking Suite Field Laser Heavy Laser Ion Cannon Heavy Assault Rifle Assault Cannon Peak State ------------ > --- POWER ------------ Nuclear Core > --- PROPULSION ------- Light Treads Light Treads Armored Treads Armored Treads > --- UTILITY ---------- Advanced Heat Sink Huge Storage Unit Hardened Medium Armor Plating > --- WEAPON ----------- Minigun Assault Cannon Assault Cannon > --- INVENTORY -------- Light Treads Light Treads Light Treads Light Treads Improved Treads Improved Heat Sink Structural Scanner Sensor Array Signal Interpreter Hardened Medium Armor Plating Hacking Suite Hacking Suite Hacking Suite Field Laser Heavy Laser Heavy Assault Rifle Autogun Improved Light Cannon Missile Launcher Missile Launcher Hammer [Rating: 33] Favorites ----------- Power Nuclear Core Engine Ion Engine Power Core Nuclear Core Propulsion Armored Treads Treads Armored Treads Leg Aluminum Leg Flight Unit Improved Flight Unit Utility Large Storage Unit Device Heat Sink Storage Large Storage Unit Protection Hardened Medium Armor Plating Weapon Particle Cannon Energy Gun EM Pulse Gun Energy Cannon Particle Cannon Ballistic Gun Autogun Ballistic Cannon Assault Cannon Launcher Missile Launcher Impact Weapon Hammer Build | -11 -10 -9 -8 -8 ------- Run | Yrd Mat Mat Mat Sto Slots Evolved 4 | . . 2 2 . Power . | . . . . . Propulsion 2 | . . . 2 . Utility 1 | . . 1 . . Weapon 1 | . . 1 . . Parts Attached 53 | 8 4 23 15 3 Power 6 | 1 . 4 1 . Engine 4 | 1 . 3 . . Core 2 | . . 1 1 . Reactor . | . . . . . Propulsion 16 | 3 . 7 4 2 Treads 13 | 1 . 6 4 2 Leg 2 | 2 . . . . Wheel . | . . . . . Hover . | . . . . . Flight 1 | . . 1 . . Utility 11 | 2 2 5 2 . Device 6 | 1 . 4 1 . Storage 3 | 1 1 1 . . Processor . | . . . . . Hackware . | . . . . . Protection 2 | . 1 . 1 . Artifact . | . . . . . Weapon 20 | 2 2 7 8 1 Energy Gun 4 | 2 . 2 . . Energy Cannon 4 | . . 4 . . Ballistic Gun 2 | . . . 2 . Ballistic Cannon 7 | . 2 1 4 . Launcher 2 | . . . 2 . Special Weapon . | . . . . . Impact Weapon 1 | . . . . 1 Slashing Weapon . | . . . . . Piercing Weapon . | . . . . . Special Melee Weapon . | . . . . . Unidentified Prototypes 1 | . . 1 . . Parts Lost 32 | . 3 4 13 12 Power 4 | . 1 1 1 1 Propulsion 10 | . . . 5 5 Utility 4 | . 1 . 1 2 Weapon 14 | . 1 3 6 4 Highest Loss Streak 11 | . 2 1 5 11 To Critical Strikes . | . . . . . Average Backups 18 | 3 9 20 23 20 Power . | . 1 . . 1 Propulsion 4 | 1 2 4 5 3 Utility 6 | . 2 7 8 9 Weapon 6 | 1 3 7 8 6 Tool/Special . | . . . . . Unused Backups 24 | 1 . 9 . 14 Power 2 | . . 1 . 1 Propulsion 3 | . . 1 . 2 Utility 12 | 1 . 3 . 8 Weapon 7 | . . 4 . 3 Tool/Special . | . . . . . Average Slot Usage (%) 94 | . 88 97 96 65 Engine 4 | . 10 3 . . Core 5 | . . 6 8 4 Treads 19 | . . 20 33 20 Leg 5 | . 27 . . . Device 8 | . 3 10 8 6 Storage 18 | . 14 21 16 9 Protection 1 | . 3 . 1 6 Energy Gun 1 | . 4 1 . . Energy Cannon 13 | . . 21 8 . Ballistic Cannon 13 | . 23 9 15 10 Peak Build Rating 33 | 7 8 25 33 29 Average Rating 19 | 5 6 20 29 19 On Entrance 13 | . 7 7 25 28 Avg Prop Armor Cover (%) 9 | . 8 10 . . Naked Turns . | . . . . . Heaviest Build 123 | 15 34 122 123 108 Greatest Support 80 | 20 20 46 80 80 Greatest Overweight (x) 35 | . 1 35 2 26 Average Overweight (x) 1 | . . 2 1 2 Largest Inventory Capacity 25 | 8 15 25 25 25 Average Capacity 22 | 7 13 24 25 25 Most Carried 25 | 6 15 25 25 21 Average Carried 18 | 4 9 20 23 20 Final Capacity 25 | 8 15 25 25 25 Final Carried 25 | 4 15 25 22 18 Class Distribution -------------------- 67% | Gunner 28% | Mutant 4% | Tank Dominant Class ---------------- Mutant | -10/Materials Gunner | -9/Materials Gunner | -8/Materials Mutant | -8/Storage Resources | -11 -10 -9 -8 -8 ----------- Run | Yrd Mat Mat Mat Sto Matter Collected 2412 | 280 309 695 915 213 Remotely . | . . . . . Salvage Created 4656 | 128 576 1738 1596 618 Parts 264 | 16 51 99 76 22 Haulers Intercepted 9 | . 2 4 3 . Recyclers Shooed 2 | . . 2 . . Parts Field Recycled . | . . . . . Retrieved Matter . | . . . . . Parts Self-Destructed . | . . . . . Prevented . | . . . . . Parts Restored . | . . . . . Kills | -11 -10 -9 -8 -8 ------- Run | Yrd Mat Mat Mat Sto Combat Hostiles Destroyed 116 | . 23 36 41 16 Guns 8 | . 4 1 1 2 Cannons 89 | . 19 35 32 3 AOE 17 | . . . 7 10 Classes Destroyed 14 | 1 7 3 2 1 Worker 7 | . 1 2 3 1 Builder 5 | . 1 2 2 . Tunneler 6 | 6 . . . . Hauler 9 | . 2 4 3 . Recycler 3 | . . 2 . 1 Mechanic 2 | . . 1 . 1 Operator 5 | . 2 2 1 . Watcher 7 | . 2 3 2 . Swarmer 34 | . 15 11 6 2 Grunt 62 | . 8 18 25 11 Brawler 3 | . . . 2 1 Duelist 1 | . . . . 1 Protector 2 | . . . 2 . Sentry 14 | . . 7 6 1 Best Kill Streak 14 | 2 6 4 14 9 Combat Bots Only 13 | . 5 4 13 8 Max Kills in Single Turn 4 | 1 2 2 3 4 Gunslinging . | . . . . . Exploded 3 | . . . 3 2 Melee . | . . . . . Uniques/NPCs Destroyed . | . . . . . Combat | -11 -10 -9 -8 -8 -------- Run | Yrd Mat Mat Mat Sto Hostile Shots Fired 659 | . 84 188 239 148 Missed 190 | . 18 43 85 44 Hits 469 | . 66 145 154 104 Melee 1 | . . . 1 . Projectile 468 | . 66 145 153 104 Critical Strikes 14 | . . 1 8 5 Part Disruptions 2 | . 2 . . . Damage Taken 6089 | . 619 1424 2470 1576 Core 861 | . 103 206 209 343 Absorbed by Shields . | . . . . . Core Remaining (%) 68 | 100 58 48 . . Volleys Fired 286 | 14 60 89 102 21 Largest 3 | 2 2 3 3 3 Hottest 173 | 90 90 173 173 93 Shots Fired 714 | 28 117 247 275 47 Gun 108 | 28 30 7 30 13 Cannon 592 | . 87 240 239 26 Launcher 14 | . . . 6 8 Special . | . . . . . Kinetic 374 | . 87 62 186 39 Thermal 301 | 14 26 178 83 . Explosive 14 | . . . 6 8 Electromagnetic 25 | 14 4 7 . . Robot Hit Streak 18 | 7 6 13 18 7 Robot Miss Streak 10 | 2 10 4 8 3 Penetration Max . | . . . . . Secondary Targets . | . . . . . Shots Hit Robots 384 | 18 59 130 149 28 Core Hits 210 | 6 34 57 87 26 Critical Kills 1 | . . . 1 . Critical Parts Destroyed 1 | . . . . 1 Critical Strikes 24 | 1 7 2 10 4 Burn 2 | 1 1 . . . Meltdown 1 | . . . 1 . Blast 20 | . 6 2 9 3 Smash 1 | . . . . 1 Melee Attacks 1 | . . . . 1 Impact 1 | . . . . 1 Slashing . | . . . . . Piercing . | . . . . . Sneak Attacks . | . . . . . Combat Hostiles . | . . . . . Follow-up Attacks . | . . . . . Damage Inflicted 9995 | 226 1080 2859 4397 1433 Guns 870 | 226 176 58 281 129 Cannons 7231 | . 867 2765 3255 344 Explosions 1838 | . 27 21 861 929 Melee 17 | . . . . 17 Ramming 39 | . 10 15 . 14 Kinetic 4522 | . 867 690 2492 473 Thermal 3407 | 100 167 2096 1044 . Explosive 1790 | . . . 861 929 Electromagnetic 220 | 126 36 58 . . Impact 17 | . . . . 17 Slashing . | . . . . . Piercing . | . . . . . Highest Corruption 4 | . 4 2 . . Average Corruption 2 | . 3 1 . . Corruption Purged . | . . . . . Corruption Blocked . | . . . . . Effects 51 | . 18 33 . . Message Errors 11 | . 1 10 . . Matter Fused 11 | . 4 7 . . Heat Flow Errors 6 | . 3 3 . . Energy Discharges 12 | . 5 7 . . Parts Rejected 1 | . 1 . . . Data Loss (minor) 4 | . 1 3 . . Data Loss (major) 1 | . 1 . . . Misfires 2 | . 1 1 . . Weapon Failures 3 | . 1 2 . . Overload Shots . | . . . . . Overflow Damage 144 | . 9 55 29 51 Projectiles 93 | . 9 55 29 . Explosions 34 | . . . . 34 Melee 17 | . . . . 17 Knockbacks 46 | . 12 8 22 4 Impact 2 | . 1 . . 1 Kinetic 41 | . 10 7 21 3 Secondary 3 | . 1 1 1 . Self-Inflicted Damage 287 | . 54 . 7 226 Shots 9 | . 2 . 1 6 Rammed 6 | . . 3 . 3 Targets Rammed 8 | . 2 3 . 3 Kicked 2 | . 2 . . . Crushed . | . . . . . Highest Temperature 423 | 90 221 423 185 19 Average Temperature 70 | 32 44 99 49 5 Received Heat Transfer 2232 | . 102 321 1143 666 Effects 4 | . . 4 . . Shutdowns 2 | . . 2 . . Short Circuit 2 | . . 2 . . Siege Activations . | . . . . . Martial Activations . | . . . . . Shielding Activations . | . . . . . Robots Disrupted . | . . . . . Combat Hostiles . | . . . . . Robots Corrupted 1 | . . . . 1 Combat Hostiles 1 | . . . . 1 Parts Fried 1 | 1 . . . . Impact Corruptions 1 | . . . . 1 Robots Melted 1 | . . . 1 . Combat Hostiles 1 | . . . 1 . Parts Melted 5 | . . 3 1 1 Heat Transferred 6723 | 370 531 4009 1813 . Parts Sabotaged . | . . . . . Parts Stolen . | . . . . . Parts Stripped . | . . . . . Power Chain Reactions 2 | . 1 1 . . Alert | -11 -10 -9 -8 -8 ------- Run | Yrd Mat Mat Mat Sto Maximum Alert Level 3 | . . 2 3 2 Low Security (%) 68 | 100 100 83 4 . Level 1 14 | . . 16 21 51 Level 2 14 | . . . 61 48 Level 3 2 | . . . 12 . Level 4 . | . . . . . Level 5 . | . . . . . High Security . | . . . . . Max Security . | . . . . . Peak Influence 815 | 5 190 420 815 582 Initial 335 | . . 66 176 335 Average 225 | . 99 149 538 421 Influence Increases 3575 | 30 678 1133 1287 447 Destroy 0b10 Robot/C 2280 | . 460 720 780 320 Destroy 0b10 Robot/NC 230 | 30 40 80 65 15 Destroy Leader 502 | . 88 184 160 70 Successful Hack 62 | . 24 38 . . Disable Machine 165 | . 45 75 45 . Anti-Garrison Action 150 | . . . 150 . Destroy Structure 126 | . 6 21 72 27 Lose Combat Pursuer 60 | . 15 15 15 15 Influence Decreases 2993 | 30 520 872 911 660 Entered New Map 795 | . . 92 243 460 Time Decay 1878 | 30 490 740 538 80 Lost Part 320 | . 30 40 130 120 Squads Dispatched 24 | . 3 7 8 6 Investigation 9 | . 1 5 2 1 Extermination . | . . . . . Reinforcement 9 | . 2 2 2 3 Assault 2 | . . . 2 . Garrison 4 | . . . 2 2 Intercept . | . . . . . Searches Triggered . | . . . . . Construction Impeded 1 | . . . . 1 Haulers Reinforced . | . . . . . Active Scanning Responses . | . . . . . Cargo Convoy Interrupts . | . . . . . Stealth | -11 -10 -9 -8 -8 --------- Run | Yrd Mat Mat Mat Sto Distress Signals 12 | . 2 4 6 . Communications Jammed . | . . . . . Distress Signals . | . . . . . Times Spotted 168 | . 34 56 60 18 Peak Tracking Total 10 | . 5 6 10 6 Tactical Retreats 4 | . 1 1 1 1 Traps | -11 -10 -9 -8 -8 ------- Run | Yrd Mat Mat Mat Sto Traps Triggered 8 | . 4 3 1 . Indirectly . | . . . . . Trap Hack Attempts . | . . . . . Triggered . | . . . . . Disarmed . | . . . . . Reprogrammed . | . . . . . Reused . | . . . . . Traps Extracted . | . . . . . Installed . | . . . . . Triggered . | . . . . . Machines | -11 -10 -9 -8 -8 ---------- Run | Yrd Mat Mat Mat Sto Machines Disabled 12 | . 3 5 4 . Max in Single Turn 2 | . 2 1 1 . Garrison Access 1 | . . . 1 . Machines Repaired . | . . . . . Machines Dismantled . | . . . . . Machines Sabotaged . | . . . . . Overloaded Fab Kills . | . . . . . Hacking | -11 -10 -9 -8 -8 --------- Run | Yrd Mat Mat Mat Sto Machines Accessed 20 | . 5 10 4 1 Terminals 16 | . 5 8 3 . Fabricators . | . . . . . Repair Stations . | . . . . . Recycling Units . | . . . . . Scanalyzers 2 | . . 2 . . Garrison Access 2 | . . . 1 1 Total Hacks 59 | . 15 30 11 3 Successful 20 | . 7 12 1 . Failed 37 | . 7 17 10 3 Catastrophic 10 | . 1 6 3 . Database Lockouts 2 | . 1 1 . . Manual 48 | . 17 22 9 . Terminals 45 | . 15 22 8 . Fabricators . | . . . . . Repair Stations . | . . . . . Recycling Units . | . . . . . Scanalyzers 8 | . . 8 . . Garrison Access 6 | . . . 3 3 Terminal Hacks 4 | . 1 2 1 . Robot Analysis 3 | . 1 2 . . Branch Access Points 1 | . . . 1 . Fabricator Hacks . | . . . . . Repair Station Hacks . | . . . . . Recycling Unit Hacks . | . . . . . Scanalyzer 4 | . . 4 . . Insert Component 1 | . . 1 . . Analyze 1 | . . 1 . . Retrieve Study 2 | . . 2 . . Garrison Access Hacks . | . . . . . Unauthorized Hacks 12 | . 6 6 . . Terminals 12 | . 6 6 . . Operators 1 | . 1 . . . Skim 11 | . 5 6 . . Fabricators . | . . . . . Repair Stations . | . . . . . Recycling Units . | . . . . . Scanalyzers . | . . . . . Garrison Access . | . . . . . Data Cores Recovered . | . . . . . Used . | . . . . . Hacking Detections 17 | . 3 10 3 1 Full Trace Events 9 | . . 5 3 1 Feedback Events . | . . . . . Feedback Blocked . | . . . . . Robot Schematics Acquired . | . . . . . Robots Built . | . . . . . Authchips . | . . . . . Time . | . . . . . Total Robot Build Rating . | . . . . . Part Schematics Acquired 1 | . . 1 . . Parts Built . | . . . . . Authchips . | . . . . . Time . | . . . . . Total Part Build Rating . | . . . . . Part Studies Acquired 2 | . . 2 . . Parts Repaired . | . . . . . Time . | . . . . . Parts Recycled . | . . . . . Recycled Matter . | . . . . . Retrieved Matter . | . . . . . Retrieved Components . | . . . . . Parts Scanalyzed 1 | . . 1 . . Part Schematics Acquired 1 | . . 1 . . Parts Damaged . | . . . . . Bothacking | -11 -10 -9 -8 -8 ------------ Run | Yrd Mat Mat Mat Sto Used RIF Installer . | . . . . . Robots Hacked . | . . . . . Non-combat . | . . . . . Combat . | . . . . . Robot Hacks Applied . | . . . . . Relay Couplers Released . | . . . . . Fabnet Peak Effective % . | . . . . . Robots Rewired . | . . . . . Allies Hacked . | . . . . . Hacks Repelled . | . . . . . Allies | -11 -10 -9 -8 -8 -------- Run | Yrd Mat Mat Mat Sto Total Allies . | . . . . . Largest Group . | . . . . . Highest-Rated Group . | . . . . . Highest-Rated Ally . | . . . . . Total Orders . | . . . . . Ally Attacks . | . . . . . Total Damage . | . . . . . Kills . | . . . . . Allies Corrupted . | . . . . . Allies Melted . | . . . . . Intel | -11 -10 -9 -8 -8 ------- Run | Yrd Mat Mat Mat Sto Active Infowar (turns) 427 | 5 371 51 . . Sensors 51 | . . 51 . . Seismic 376 | 5 371 . . . Robot Analysis Total 3 | . 1 2 . . Derelict Logs Recovered . | . . . . . Drone Launches . | . . . . . Drone Recoveries . | . . . . . Exploration | -11 -10 -9 -8 -8 ------------- Run | Yrd Mat Mat Mat Sto Turns Passed 7096 | 222 1396 3782 1532 164 Spaces Moved 2171 | 142 669 861 472 27 Core 22 | 13 . 8 . 1 Treads 1345 | 2 . 845 472 26 Legs 804 | 127 669 8 . . Wheels . | . . . . . Hover . | . . . . . Flight . | . . . . . Fastest Speed 50 | 50 120 190 243 240 Average Speed 275 | 114 175 392 246 328 Slowest Speed 1800 | 160 190 1800 330 1350 Overloaded Moves . | . . . . . Propulsion Burnouts . | . . . . . Robots Hopped . | . . . . . Potential Cave-ins . | . . . . . Cave-ins Triggered . | . . . . . Exploration Rate (%) 46 | 6 96 72 49 11 Regions Visited 4 Branch Regions 1 Pre-discovered Areas 2 | . . 2 . . Known Exits Taken 2 | . . 1 1 . Unknown Exits Taken 2 | 1 1 . . . Scrap Searched . | . . . . . Spaces Dug . | . . . . . Terrain Destroyed 128 | . 2 14 72 40 Melee . | . . . . . Projectile 42 | . . 11 30 1 AOE 86 | . 2 3 42 39 Terrain Rammed . | . . . . . Walls Destroyed . | . . . . . Machines Disabled . | . . . . . Actions | -11 -10 -9 -8 -8 --------- Run | Yrd Mat Mat Mat Sto Total 2700 | 172 775 1071 625 57 Wait 69 | . 24 27 18 . Move 2167 | 141 668 860 471 27 Hop . | . . . . . Pick Up 77 | 8 15 42 12 . Fast Attach 5 | 4 . 1 . . Attach 37 | 3 3 12 15 4 Detach . | . . . . . Swap 22 | 1 2 12 6 1 Drop 28 | 1 1 25 1 . Fire 286 | 14 60 89 102 21 Melee 1 | . . . . 1 Ram . | . . . . . Kick 2 | . 2 . . . Crush 6 | . . 3 . 3 Escape Stasis . | . . . . . Rewire . | . . . . . Trap . | . . . . . Miscellaneous . | . . . . . Route ------- -11/Scrapyard -10/Materials (discovered 5 exits: *Mat x3 / [*Min x2]) -9/Materials (discovered 5 exits: *Mat x3 / [*Min x2]) -8/Materials (discovered 2 exits: [*Fac] / *Sto) -8/Storage History --------- Turn | Location | Event 7 | -11/Scrapyard | Discovered new exit (range 15) 223 | -11/Scrapyard | Entered Materials 315 | -10/Materials | Build established: Mutant 324 | -10/Materials | Central database locked down 568 | -10/Materials | Discovered new exit (range 7) 738 | -10/Materials | Discovered new exit (range 13) 1034 | -10/Materials | Discovered new exit (range 7) 1323 | -10/Materials | Derelicts attacked the area 1372 | -10/Materials | Discovered new exit (range 16) 1526 | -10/Materials | Discovered new exit (range 8) 1619 | -10/Materials | Entered another Materials area 1619 | -9/Materials | Evolved 2 slots: Utility x1, Weapon x1 1925 | -9/Materials | Build established: Gunner 2043 | -9/Materials | Discovered new exit (range 15) 4022 | -9/Materials | Discovered new exit (range 12) 4401 | -9/Materials | Discovered new exit (range 15) 4605 | -9/Materials | Discovered new exit (range 15) 4970 | -9/Materials | Core integrity fell below 50% 5009 | -9/Materials | Loaded intel: 8 trap records 5046 | -9/Materials | Learned Storage stockpile data 5073 | -9/Materials | Learned location of Mines (-9) 5090 | -9/Materials | Learned 4 Recycling zone layouts 5100 | -9/Materials | Identified exit to Materials 5101 | -9/Materials | Learned 2 Storage zone layouts 5134 | -9/Materials | Learned 4 Recycling zone layouts 5369 | -9/Materials | Central database locked down 5401 | -9/Materials | Entered another Materials area 5401 | -8/Materials | Evolved 2 slots: Propulsion x2 5685 | -8/Materials | Garrison activated, responded to threat 5952 | -8/Materials | Lost 4 parts (1p2n1w) 5954 | -8/Materials | Destroyed 13 combat bots 6202 | -8/Materials | Discovered new exit (range 16) 6497 | -8/Materials | Identified exit to Storage 6651 | -8/Materials | Lost 5 parts (3n2w) 6933 | -8/Materials | Entered Storage 6959 | -8/Storage | Garrison activated, responded to threat 7010 | -8/Storage | Core integrity fell below 50% 7079 | -8/Storage | Core integrity fell below 20% 7097 | -8/Storage | Destroyed by G-47 Trooper with Particle Gun Last Messages --------------- 07080_ Acquired 43 matter. 07081_ U-05 Engineer lays Concrete. 07082_ The unstable cave ceiling collapses. 07082_ U-05 Engineer lays Concrete. 07090_ U-05 Engineer builds a Wall. 07092_ U-05 Engineer lays Concrete. 07094_ Connecting with Garrison Access... 07094_ ALERT: Suspicious activity at Garrison Access S001. Dispatching Investigation squad. 07095_ U-05 Engineer lays Concrete. 07095_ G-47 Trooper suffers critical hit (Smash). 07095_ Destroyed Aluminum Leg. 07095_ G-47 Trooper system corrupted by crushing effect. 07095_ G-47 Trooper knocked back. 07095_ U-05 Engineer lays Concrete. 07095_ U-05 Engineer builds a Wall. 07096_ G-47 Trooper system terminally corrupted. 07096_ U-05 Engineer lays Concrete. Map ----- +----------------------------------------------------+ | ?????????????????????????????? | | ?????????????????????????????? | | ?????????????????????????????? | | ?????????????????????????????? | | ?????????????????????????????? | | ?????????????????????????????? | | ?????????????????????????????? | | ?????????????????????????????? | | ?????????????????????????????? | | ?????????????????????????????? | | # # """" " ## ##??? | | # # """ ## T#??? | | # # ## ##??? | | # # ## #???? | | ######## ########### #???? | | ######## ########### #???? | | ######## # """ """ # #???? | | #### # """ """ # #???? | | #T## # """ """ # #???? | | " + + # #???? | | # # ###?? | | " # # #?? | | # # # #?? | | ######## # = %= ##? | | ######## #########*%=g="""#? | | ??????# ########## *@G"#? | | ####### u """#? | | = #? | | # ## u # | | # ## ########## u ## | | + ####+#####???## # ## #? | | # # #????### """#? | | # # #??????# Y"#? | | # # """" #??????# """#? | | # # "" " #??????# ####? | | ?????????????????????# #???? | | ?????????????????????# #???? | | ?????????????????????# #???? | | ?????????????????????# #???? | | ?????????????????????# #???? | | ?????????????????????# #???? | | ?????????????????????# #???? | | ?????????????????????# #???? | | ?????????????????????# #???? | | ?????????????????????# #???? | | ?????????????????????# #???? | | ?????????????????????##"##???? | | ???????????????????????#?????? | | ?????????????????????????????? | | ?????????????????????????????? | +----------------------------------------------------+ Best States ------------- Heat Dissipation 53 Coolant Potential 50 Energy Generation 14 Energy Capacity 265 Matter Stores 300 Matter Capacity 300 Sight Range 16 Robot Scan Range 14 Terrain Scan Density 10 Armor Coverage 225 Evasion (%) 55 Recoil Reduction 4 Authchip Count 2 Item Schematics ----------------- Hacking Suite | -9/Materials | Scanalyzed Robot Schematics ------------------ None Fabricated ------------ Nothing Repaired ---------- Nothing Studied --------- Beam Cannon | -9/Materials | Hacked Lgt. Cannon | -9/Materials | Hacked Alien Tech Used ----------------- None Achievements -------------- None Challenges ------------ None Game ------ Seed CoolantMetafieldShockpuncher Manual? 0 Play Time 00:39:21 Cumulative 397.0 hours Start 2026.07.17 @ 05:51:59 End 2026.07.17 @ 06:29:53 Sessions 1 Manual Loads 0 Difficulty Rogue Special Mode None Game No. 543 Rogue 525 Adventurer 18 Explorer 0 Win Type - Total 1 Types 1/0/0/0/0/0/0/0/0/0 Lore% 56 Gallery% 59 Achievement% 47 Wizard Run 0 Options --------- Layout 1 ASCII 0 Keyboard 0 Movement Mouse Keybinds 0 Fullscreen 1 Font 24/Smallcaps Map View 50x40 Zoom Use 0% Tactical HUD 1 Map Filters NONE Filters NONE Steam 1 RUN: d037ddd3-8cc5-48de-bc9a-c7f80916e5cc